 Dungeon Crawl Stone Soup version 0.28-a0-1374-ga75cb3825e (webtiles) character file.

Game seed: 8210349295520054980

451 blank1 the Magician (level 6, -8/34 HPs)
             Began as a Deep Elf Ice Elementalist on Dec 31, 2021.
             Mangled by a wyvern zombie (12 damage)
             ... on level 5 of the Dungeon.
             The game lasted 00:15:23 (4642 turns).

blank1 the Magician (Deep Elf Ice Elementalist)     Turns: 4642, Time: 00:15:24

Health: -8/34      AC: 15    Str:  5    XL:     6   Next: 75%
Magic:  13/17      EV: 14    Int: 22    God:
Gold:   198        SH:  0    Dex: 15    Spells: 6/17 levels left

rFire   + . .      SeeInvis .   i - +2 dagger (venom)
rCold   . . .      Faith    .   (no shield)
rNeg    . . .      Spirit   .   a - +0 robe
rPois   .          Reflect  .   o - +1 helmet
rElec   .          Harm     .   u - +1 cloak
rCorr   .          Rampage  .   t - +0 pair of gloves
Will    .....                   j - +0 pair of boots
Stlth   +++.......              (no amulet)
HPRegen 0.11/turn               c - ring of protection from fire
MPRegen 0.15/turn               (no ring)

@: ice-armoured
A: no striking features
a: no special abilities


You were on level 5 of the Dungeon.
You visited 1 branch of the dungeon, and saw 5 of its levels.

You collected 198 gold pieces.

Inventory:

Hand Weapons
 i - a +2 dagger of venom (weapon)
Armour
 a - a +0 robe (worn)
 j - a +0 pair of boots (worn)
 o - a +1 helmet (worn)
 t - a +0 pair of gloves (worn)
 u - a +1 cloak (worn)
Jewellery
 c - a ring of protection from fire (left hand)
Scrolls
 b - a scroll of enchant armour {unknown}
 d - a scroll of magic mapping {unknown}
 e - a scroll of noise {unknown}
 f - a scroll of fog {unknown}
 g - 2 scrolls of blinking {unknown}
 h - a scroll of torment {unknown}
 m - a scroll of teleportation {unknown}
 p - a scroll of brand weapon {unknown}
 r - a scroll of vulnerability {unknown}
 v - a scroll of enchant weapon {unknown}
Potions
 l - a potion of haste
 n - 3 potions of curing
 q - a potion of berserk rage
 s - a potion of brilliance


   Skills:
 - Level 1.0 Fighting
 + Level 4.7 Dodging
 - Level 4.0 Stealth
 - Level 6.0 Spellcasting
 - Level 3.0 Conjurations
 - Level 5.0 Ice Magic


You had 6 spell levels left.
You knew the following spells:

 Your Spells              Type           Power      Damage    Failure   Level
a - Freeze                Ice            100%       1d11      1%          1
b - Frozen Ramparts       Ice            56%        1d7       3%          3
c - Ozocubu's Armour      Ice            28%        N/A       3%          3
d - Hailstorm             Conj/Ice       24%        3d7       17%         4

Your spell library contained the following spells:

 Spells                   Type           Power      Damage    Failure   Level
 Dazzling Flash           Conj/Hex       26%        N/A       14%         3
 Ice Form                 Ice/Tmut       17%        N/A       32%         4
 Iskenderun's Mystic Bla  Conj/Tloc      13%        2d5       43%         4
 Simulacrum               Ice/Necr       8%         N/A       99%         6
 Starburst                Conj/Fire      6%         6d4       100%        6


Dungeon Overview and Level Annotations

Branches:
Dungeon (5/15)
 Temple: D:4-7

Altars:
Ashenzari
Hepliaklqana
Nemelex Xobeh
The Shining One


Message History

The wyvern zombie barely misses you.
The wyvern zombie bites you but does no damage.
You hit the wyvern zombie but do no damage.
The wyvern zombie is severely damaged.
The wyvern zombie bites you but does no damage.
You hit the wyvern zombie.
The wyvern zombie is severely damaged.
The wyvern zombie barely misses you.
You hit the wyvern zombie.
The wyvern zombie is severely damaged.
The wyvern zombie bites you but does no damage.
The wyvern zombie barely misses you.
You hit the wyvern zombie.
The wyvern zombie is severely damaged.
The wyvern zombie bites you but does no damage.
You hit the wyvern zombie but do no damage.
The wyvern zombie is severely damaged.
The wyvern zombie bites you but does no damage.
You hit the wyvern zombie but do no damage.
The wyvern zombie is severely damaged.
The wyvern zombie misses you.
The wyvern zombie bites you but does no damage.
You hit the wyvern zombie but do no damage.
The wyvern zombie is severely damaged.
The wyvern zombie bites you but does no damage.
You hit the wyvern zombie.
The wyvern zombie is almost destroyed.
The wyvern zombie bites you but does no damage.
You hit the wyvern zombie.
The wyvern zombie is almost destroyed.
The wyvern zombie closely misses you.
You hit the wyvern zombie.
The wyvern zombie is almost destroyed.
The wyvern zombie bites you but does no damage.
The wyvern zombie bites you.
* * * LOW HITPOINT WARNING * * *
You barely miss the wyvern zombie.
The wyvern zombie is almost destroyed.
The wyvern zombie bites you!
You die...

...#.#............##...#..##.....
..##...............#...#...#.....
.......#...........#.......##....
#..##.###......................(.
###[..................####.......
# #..................#######.###.
# #.............#.....##.....# ##
###.............#Z##........####.
##..............@######.....# #..
#.................# ##.....# ##.
..............#...####......# ##.
.....................###....###..
................##...###.........
####..##...#....####..#..^......#
≈≈≈##...#..####.#............>..#
.§§§##.##.....#.#..###...........
...≈≈##.#.....#...## ##(##.......


You could see a wyvern zombie.

Vanquished Creatures
  A black bear (D:5)
  A sky beast (D:5)
  An ogre (D:5)
  A hound (D:4)
  A killer bee zombie (D:5)
  A hound zombie (D:5)
  7 adders
  2 worms (D:2)
  An orc (D:4)
  7 bats
  6 endoplasms
  7 giant cockroaches
  6 goblins
  7 hobgoblins
  A jackal (D:3)
  2 kobolds
  2 ball pythons
  A frilled lizard (D:2)
  3 rats (D:3)
  A spectral orc (D:4)
59 creatures vanquished.

Notes
Turn   | Place    | Note
-------+----------+-------------------------------------------
     0 | D:1      | blank1 the Deep Elf Ice Elementalist began the quest for
                  | the Orb.
     0 | D:1      | Reached XP level 1. HP: 10/10 MP: 6/6
   333 | D:1      | Reached XP level 2. HP: 13/15 MP: 2/8
   426 | D:1      | Found a faded altar of an unknown god.
  1084 | D:2      | Reached XP level 3. HP: 19/19 MP: 7/10
  1107 | D:1      | Learned a level 3 spell: Frozen Ramparts
  1111 | D:1      | Learned a level 3 spell: Ozocubu's Armour
  2357 | D:3      | Reached skill level 4 in Spellcasting
  2397 | D:3      | Reached skill level 5 in Ice Magic
  2397 | D:3      | Reached XP level 4. HP: 22/24 MP: 8/12
  2946 | D:4      | Learned a level 4 spell: Hailstorm
  3208 | D:4      | Reached skill level 1 in Conjurations
  3303 | D:4      | Found a hazy altar of Hepliaklqana.
  3342 | D:4      | Found a broken altar of Ashenzari.
  3361 | D:4      | Found a glowing golden altar of the Shining One.
  3782 | D:5      | Entered Level 5 of the Dungeon
  3866 | D:5      | Noticed a sky beast
  3866 | D:5      | Noticed a black bear
  3866 | D:5      | Noticed an ogre
  3897 | D:5      | Identified the +0 plate armour "Fuux" {Contam Will++}
  3901 | D:5      | Reached XP level 5. HP: 27/28 MP: 10/13
  4059 | D:5      | Killed a sky beast
  4060 | D:5      | Reached skill level 5 in Spellcasting
  4217 | D:5      | Reached XP level 6. HP: 12/32 MP: 5/16
  4416 | D:5      | Upgraded the game from 0.28-a0-1356-g2ad6d04315 to
                  | 0.28-a0-1374-ga75cb3825e
  4440 | D:5      | Found a sparkling altar of Nemelex Xobeh.
  4514 | D:5      | Reached skill level 6 in Spellcasting
  4609 | D:5      | Reached skill level 1 in Fighting
  4642 | D:5      | Mangled by a wyvern zombie

Illustrated notes

Levels and vault maps discovered:
D:1:      psy_arrival_spokes, layout_loops_ring, basic_ecumenical_altar
D:2:      layout_basic
D:3:      layout_rooms, minmay_diced_spiral
D:4:      layout_loops_ring, mainiacjoe_overflow_catch_the_wave,
          nicolae_hepliaklqana_monster_ancestors, minmay_misc_feat_four_crosses
D:5:      layout_cave_pools, mainiacjoe_overflow_alcove_2,
          kennysheep_cluttered_room

Skill      XL: |  1  2  3  4  5  6 |
---------------+-------------------+-----
Stealth        | 3 4 |  4.0
Dodging        | 3 4 |  4.7
Spellcasting   | 4 5 6 |  6.0
Ice Magic      | 5 |  5.0
Conjurations   | 1 2 3 |  3.0
Fighting       | 1 |  1.0

Action                   |  1- 3 |  4- 6 || total
-------------------------+-------+-------++-------
Melee: Club              |     1 |       ||     1
       Dagger            |     5 |    87 ||    92
 Cast: Freeze            |    49 |    39 ||    88
       Ozocubu's Armour  |     1 |     7 ||     8
       Frozen Ramparts   |     1 |     2 ||     3
  Use: Scroll            |       |     4 ||     4
 Stab: Sleeping          |     1 |     3 ||     4
Armor: Robe              |     5 |    49 ||    54
Dodge: Dodged            |    21 |    89 ||   110

Table legend: (Time is in decaauts)
 A = Elapsed time spent in this place.
 B = Non-inter-level travel time spent in this place.
 C = Inter-level travel time spent in this place.
 D = Time resting spent in this place.
 E = Time spent auto-exploring this place.
 F = Levels seen in this place.
 G = Mean time per level.
                   A        B        C        D        E       F      G
               +--------+--------+--------+--------+--------+-----+--------+
         Total |   4649 |   4381 |    268 |    436 |   3127 |   5 |  929.8 |
       Dungeon |   4649 |   4381 |    268 |    436 |   3127 |   5 |  929.8 |
               +--------+--------+--------+--------+--------+-----+--------+

Top non-repeatable levels by time:
     D:2: 1181 daAuts
     D:4: 1147 daAuts
     D:1: 1070 daAuts
     D:3: 628 daAuts
     D:5: 620 daAuts
